[Event "FIDE WYCC Girls U16 2023"]
[Site "Montesilvano"]
[Date "2023.11.24"]
[Round "11.10"]
[White "Kanishka S"]
[Black "Peglau, Dora"]
[Result "1/2-1/2"]
[ECO "A18"]
[WhiteElo "1656"]
[BlackElo "1937"]
[Annotator "NA RC"]
[PlyCount "106"]
[EventDate "2023.11.13"]
[EventType "swiss"]
[EventCountry "ITA"]
[SourceTitle "playchess.com"]
[Source "ChessBase"]
[SourceQuality "1"]
[TimeControl "40/5400+30:1800+30"]

1. c4 Nf6 2. Nc3 e6 3. e4 d5 4. cxd5 exd5 5. e5 d4 6. exf6 dxc3 7. dxc3 Qxf6 8. Nf3 Bg4 9. Qa4+ Bd7 10. Qe4+ Qe7 11. Qxe7+ Bxe7 12. Bf4 c5 13. Ne5 O-O 14. Nxd7 Nxd7 15. Be2 Rfe8 16. O-O-O Nf8 17. Bf3 Ne6 18. Bg3 Bg5+ 19. Kc2 Re7 20. Bd6 Rd7 21. Rd5 Rad8 22. Rhd1 b6 23. a3 Bf6 24. R5d3 Nd4+ 25. cxd4 Rxd6 26. dxc5 Rxd3 27. Rxd3 Rxd3 28. Kxd3 bxc5 29. b3 Bd4 30. Kc4 Bxf2 31. Kb5 Kf8 32. Ka6 Ke7 33. Bd5 f5 34. Bc4 Kd6 35. Kxa7 Kc7 36. Ka6 Kc6 37. Bb5+ Kc7 38. Bd3 g6 39. Kb5 h6 40. a4 Bg1 41. h3 Be3 42. a5 Kb7 43. a6+ Ka7 44. Be2 g5 45. g4 fxg4 46. hxg4 Bf2 47. Kc6 Be3 48. Kd6 Bf2 49. Ke5 Bd4+ 50. Kf5 Be3 51. Kg6 Bd4 52. Kxh6 Be3 53. Kg6 Bd2 1/2-1/2

[Event "FIDE WYCC Girls U16 2023"]
[Site "Montesilvano"]
[Date "2023.11.24"]
[Round "11.11"]
[White "Tokarz, Izabela"]
[Black "Yu, Yuexi"]
[Result "0-1"]
[ECO "A57"]
[WhiteElo "1931"]
[BlackElo "1734"]
[Annotator "NA RC"]
[PlyCount "80"]
[EventDate "2023.11.13"]
[EventType "swiss"]
[EventCountry "ITA"]
[SourceTitle "playchess.com"]
[Source "ChessBase"]
[SourceQuality "1"]
[TimeControl "40/5400+30:1800+30"]

1. d4 Nf6 2. c4 c5 3. d5 b5 4. cxb5 a6 5. e3 g6 6. Nc3 Bg7 7. Nf3 O-O 8. a4 Bb7 9. Ra3 e6 10. dxe6 fxe6 11. bxa6 Nxa6 12. Be2 d5 13. O-O Qe7 14. Re1 Rad8 15. Qb3 c4 16. Qc2 Nc5 17. Bd2 Kh8 18. Nb5 Nce4 19. Ba5 Rc8 20. Rf1 Ba6 21. Nd2 Nxd2 22. Bxd2 Ne4 23. Bc3 Nxc3 24. Nxc3 Rb8 25. Bg4 Rb4 26. Rd1 Rfb8 27. Ra2 Be5 28. g3 Rb3 29. f4 Bf6 30. Qd2 Rd8 31. Ne2 e5 32. Ra3 Rxa3 33. bxa3 Qxa3 34. fxe5 Bxe5 35. Nd4 Qxa4 36. Ne6 c3 37. Qf2 Qxg4 38. Rxd5 Qd1+ 39. Rxd1 Rxd1+ 40. Kg2 Rd2 0-1

[Event "FIDE WYCC Girls U16 2023"]
[Site "Montesilvano"]
[Date "2023.11.24"]
[Round "11.12"]
[White "Zhanybekova, Begimay"]
[Black "Deak-Sala, Emilia"]
[Result "1/2-1/2"]
[ECO "B70"]
[WhiteElo "1664"]
[BlackElo "1927"]
[Annotator "NA RC"]
[PlyCount "84"]
[EventDate "2023.11.13"]
[EventType "swiss"]
[EventCountry "ITA"]
[SourceTitle "playchess.com"]
[Source "ChessBase"]
[SourceQuality "1"]
[TimeControl "40/5400+30:1800+30"]

1. e4 c5 2. Nf3 Nc6 3. Nc3 g6 4. d4 cxd4 5. Nxd4 Bg7 6. Nb3 Nf6 7. Be2 O-O 8. O-O d6 9. Re1 b6 10. Bf1 Bb7 11. Bg5 h6 12. Bf4 Rc8 13. f3 Kh7 14. Qd2 a6 15. Rad1 b5 16. a4 bxa4 17. Nxa4 Nd7 18. Be3 Nce5 19. Na5 Bc6 20. Nxc6 Rxc6 21. b3 Qb8 22. Rb1 Rd8 23. Nb2 Nc5 24. Nc4 Nxc4 25. Bxc4 e6 26. Red1 Qc8 27. Bd4 Bxd4+ 28. Qxd4 Rd7 29. Ra1 d5 30. exd5 exd5 31. Bxd5 Rcd6 32. Qc4 Qd8 33. Qxc5 Rxd5 34. Rxd5 Rxd5 35. Qc4 a5 36. Re1 Qd7 37. Qe4 Qa7+ 38. Qe3 Qd7 39. Qe7 Qf5 40. Re2 Kg7 41. Kf2 Qf4 42. Qe4 Qd6 1/2-1/2

[Event "FIDE WYCC Girls U16 2023"]
[Site "Montesilvano"]
[Date "2023.11.24"]
[Round "11.13"]
[White "Sawan, Eman"]
[Black "Putar, Lara"]
[Result "1/2-1/2"]
[ECO "C06"]
[WhiteElo "1662"]
[BlackElo "1892"]
[Annotator "NA RC"]
[PlyCount "130"]
[EventDate "2023.11.13"]
[EventType "swiss"]
[EventCountry "ITA"]
[SourceTitle "playchess.com"]
[Source "ChessBase"]
[SourceQuality "1"]
[TimeControl "40/5400+30:1800+30"]

1. e4 e6 2. d4 d5 3. Nd2 Nf6 4. e5 Nfd7 5. Bd3 c5 6. c3 Nc6 7. Ne2 cxd4 8. cxd4 f6 9. exf6 Nxf6 10. O-O Bd6 11. Nf3 Qc7 12. g3 O-O 13. Bf4 Bd7 14. Rc1 Nh5 15. Bxd6 Qxd6 16. Nc3 Nf6 17. Re1 Kh8 18. Bb5 a6 19. Bxc6 Bxc6 20. Ne5 Be8 21. Qd2 Bh5 22. Re3 Ng4 23. Nxg4 Bxg4 24. Ne2 Rf7 25. Nf4 Raf8 26. Nd3 Bh3 27. Qe2 Rf6 28. Re1 Bf5 29. Nc5 Re8 30. Nxb7 Qb4 31. Qxa6 e5 32. Qa7 Rf7 33. Rxe5 Qxe1+ 34. Rxe1 Rxe1+ 35. Kg2 h6 36. Qb8+ Kh7 37. Nd6 Be4+ 38. Nxe4 dxe4 39. Qb5 Rf6 40. a4 Rc1 41. Qe2 Re6 42. d5 Re5 43. d6 Rcc5 44. Qa6 Rcd5 45. Qc6 Rd2 46. Qc3 Red5 47. Qe3 R2d4 48. a5 Rxd6 49. Qe1 Rd7 50. a6 Ra4 51. b4 Ra5 52. a7 Raxa7 53. h4 h5 54. Qxe4+ g6 55. g4 hxg4 56. Qxg4 Rdb7 57. Qe4 Ra6 58. h5 Rab6 59. Kf1 Rg7 60. b5 Ra7 61. Qd3 Rab7 62. hxg6+ Rxg6 63. Qh3+ Kg7 64. Qc3+ Kh7 65. Qc8 Rgb6 1/2-1/2

[Event "FIDE WYCC Girls U16 2023"]
[Site "Montesilvano"]
[Date "2023.11.24"]
[Round "11.14"]
[White "Maria, Lia-Alexandra"]
[Black "Karaivanova, Petya"]
[Result "1-0"]
[ECO "D35"]
[WhiteElo "1877"]
[BlackElo "1883"]
[Annotator "NA RC"]
[PlyCount "63"]
[EventDate "2023.11.13"]
[EventType "swiss"]
[EventCountry "ITA"]
[SourceTitle "playchess.com"]
[Source "ChessBase"]
[SourceQuality "1"]
[TimeControl "40/5400+30:1800+30"]

1. d4 d5 2. c4 e6 3. Nc3 Nf6 4. cxd5 exd5 5. Bg5 Be7 6. e3 h6 7. Bh4 c6 8. Bd3 O-O 9. Nge2 Re8 10. f3 Nh5 11. Bf2 Bh4 12. g3 Bg5 13. g4 Nf6 14. f4 Nxg4 15. fxg5 Nxf2 16. Kxf2 Qxg5 17. Qd2 Bh3 18. Rag1 Qh4+ 19. Rg3 Nd7 20. Nf4 Be6 21. Qe2 Nf6 22. Ke1 Bg4 23. Qf2 c5 24. Nce2 cxd4 25. Nxd4 Qg5 26. Kd2 Qe5 27. Rhg1 g5 28. Rxg4 Nxg4 29. Rxg4 Kh8 30. Nxd5 f5 31. Qxf5 Qxh2+ 32. Ne2 1-0

[Event "FIDE WYCC Girls U16 2023"]
[Site "Montesilvano"]
[Date "2023.11.24"]
[Round "11.15"]
[White "Ter-Avetisjana, Agnesa Stepania"]
[Black "Regidor, Kaye Lalaine"]
[Result "1/2-1/2"]
[ECO "C47"]
[WhiteElo "2105"]
[BlackElo "1598"]
[Annotator "NA RC"]
[PlyCount "82"]
[EventDate "2023.11.13"]
[EventType "swiss"]
[EventCountry "ITA"]
[SourceTitle "playchess.com"]
[Source "ChessBase"]
[SourceQuality "1"]
[TimeControl "40/5400+30:1800+30"]

1. e4 e5 2. Nf3 Nc6 3. Nc3 Nf6 4. d4 exd4 5. Nxd4 Bb4 6. Nxc6 bxc6 7. Bd3 d5 8. e5 d4 9. a3 dxc3 10. axb4 Nd5 11. bxc3 Qe7 12. O-O O-O 13. Qh5 g6 14. Qg5 Qxg5 15. Bxg5 Nxc3 16. Ra3 Nd5 17. Rfa1 Re8 18. Bd2 Rxe5 19. Rxa7 Rxa7 20. Rxa7 Bf5 21. f4 Re7 22. Bxf5 gxf5 23. c4 Nb6 24. Bc3 f6 25. Bxf6 Rf7 26. Be5 Nxc4 27. Ra8+ Rf8 28. Rxf8+ Kxf8 29. Bxc7 Ke7 30. Kf2 Ke6 31. h3 h5 32. Kg3 Kf7 33. Kh4 Kg6 34. Be5 Ne3 35. Kg3 Nd5 36. Bd6 Kf7 37. Kf3 Kf6 38. g4 hxg4+ 39. hxg4 fxg4+ 40. Kxg4 Ne3+ 41. Kf3 Nc4 1/2-1/2

[Event "FIDE WYCC Girls U16 2023"]
[Site "Montesilvano"]
[Date "2023.11.24"]
[Round "11.16"]
[White "Lobo Pereira, Arami"]
[Black "Kiraly, Lilla Virag"]
[Result "1-0"]
[ECO "E20"]
[WhiteElo "2013"]
[BlackElo "1765"]
[Annotator "NA RC"]
[PlyCount "83"]
[EventDate "2023.11.13"]
[EventType "swiss"]
[EventCountry "ITA"]
[SourceTitle "playchess.com"]
[Source "ChessBase"]
[SourceQuality "1"]
[TimeControl "40/5400+30:1800+30"]

1. d4 Nf6 2. c4 e6 3. Nc3 Bb4 4. g3 O-O 5. Bg2 d5 6. Nf3 c6 7. O-O Nbd7 8. cxd5 exd5 9. Qc2 Re8 10. Bf4 Qe7 11. Rfe1 Ne4 12. h4 Ndf6 13. Ne5 Bf5 14. Qc1 Bd6 15. f3 Nxc3 16. bxc3 Nh5 17. e4 Nxf4 18. Qxf4 Bd7 19. Qd2 Bxe5 20. dxe5 Qxe5 21. f4 Qd6 22. exd5 Be6 23. Rad1 Rad8 24. Qf2 cxd5 25. f5 Bc8 26. Rxe8+ Rxe8 27. Rxd5 Qb6 28. Qxb6 axb6 29. Kf2 f6 30. g4 h5 31. gxh5 Kh7 32. Bf3 Re7 33. c4 Rc7 34. Be2 Rc5 35. Ke3 Bxf5 36. Rxf5 Rxf5 37. Bd3 g6 38. Bxf5 gxf5 39. Kf4 Kh6 40. Kxf5 Kxh5 41. Kxf6 Kxh4 42. Ke6 1-0

[Event "FIDE WYCC Girls U16 2023"]
[Site "Montesilvano"]
[Date "2023.11.24"]
[Round "11.17"]
[White "Vlasova, Olesia"]
[Black "Gvatua, Mariam"]
[Result "1-0"]
[ECO "D27"]
[WhiteElo "1850"]
[BlackElo "1701"]
[Annotator "NA RC"]
[PlyCount "89"]
[EventDate "2023.11.13"]
[EventType "swiss"]
[EventCountry "ITA"]
[SourceTitle "playchess.com"]
[Source "ChessBase"]
[SourceQuality "1"]
[TimeControl "40/5400+30:1800+30"]

1. d4 d5 2. c4 dxc4 3. Nf3 Nf6 4. e3 e6 5. Bxc4 c5 6. O-O cxd4 7. Nxd4 a6 8. a4 Be7 9. b3 O-O 10. Bb2 Bd7 11. Nd2 Nc6 12. N2f3 Qa5 13. Nxc6 Bxc6 14. Ne5 Bd5 15. Qe2 Rfd8 16. Rac1 Rac8 17. Rfd1 Bxc4 18. Nxc4 Qf5 19. Bd4 h6 20. Qb2 Qh5 21. f3 Qg5 22. Kh1 Nd5 23. e4 Nb4 24. a5 Bf8 25. Bb6 Rxd1+ 26. Rxd1 Bc5 27. Qc3 Nc6 28. f4 Qh5 29. Qe1 Bb4 30. Qg1 Nxa5 31. Bxa5 Bxa5 32. e5 Bb4 33. Qd4 Be7 34. Nd6 Rd8 35. h3 Qe2 36. Rd3 Qf1+ 37. Kh2 Qc1 38. Rc3 Qa1 39. b4 b5 40. Qd2 Qa4 41. Rc7 Kf8 42. Ra7 Qa1 43. Qd3 g6 44. Qe4 Bxd6 45. Qb7 1-0

[Event "FIDE WYCC Girls U16 2023"]
[Site "Montesilvano"]
[Date "2023.11.24"]
[Round "11.18"]
[White "Maton, Emily"]
[Black "Pragnya H G"]
[Result "1/2-1/2"]
[ECO "A47"]
[WhiteElo "1837"]
[BlackElo "1679"]
[Annotator "NA RC"]
[PlyCount "68"]
[EventDate "2023.11.13"]
[EventType "swiss"]
[EventCountry "ITA"]
[SourceTitle "playchess.com"]
[Source "ChessBase"]
[SourceQuality "1"]
[TimeControl "40/5400+30:1800+30"]

1. d4 Nf6 2. Nf3 b6 3. Bf4 Bb7 4. e3 g6 5. h3 Bg7 6. Nbd2 O-O 7. Bd3 d5 8. O-O Nbd7 9. Qe2 c5 10. c3 Re8 11. e4 Nh5 12. Bh2 e5 13. dxe5 Nxe5 14. Nxe5 Bxe5 15. f4 Bd6 16. Qf3 c4 17. Bc2 b5 18. Kh1 dxe4 19. Bxe4 Rxe4 20. Nxe4 Qc7 21. Rad1 Re8 22. Rxd6 Bxe4 23. Qd1 Bd3 24. Rxd3 cxd3 25. Qxd3 Qc6 26. f5 Nf6 27. fxg6 hxg6 28. Qf3 Qxf3 29. Rxf3 Ne4 30. Bg1 a6 31. Rd3 f5 32. Kh2 Kf7 33. Rd7+ Re7 34. Rd3 Ke6 1/2-1/2

[Event "FIDE WYCC Girls U16 2023"]
[Site "Montesilvano"]
[Date "2023.11.24"]
[Round "11.19"]
[White "Enkhrii Enkh-Amgalan"]
[Black "Hayrapetyan, Nvard"]
[Result "1-0"]
[ECO "B33"]
[WhiteElo "1821"]
[BlackElo "1462"]
[Annotator "NA RC"]
[PlyCount "91"]
[EventDate "2023.11.13"]
[EventType "swiss"]
[EventCountry "ITA"]
[SourceTitle "playchess.com"]
[Source "ChessBase"]
[SourceQuality "1"]
[TimeControl "40/5400+30:1800+30"]

1. e4 c5 2. Nf3 e6 3. d4 cxd4 4. Nxd4 Nf6 5. Nc3 Nc6 6. Ndb5 d6 7. Bf4 e5 8. Bg5 a6 9. Na3 b5 10. Bxf6 gxf6 11. Nd5 Be6 12. c3 f5 13. exf5 Bxd5 14. Qxd5 Rc8 15. Rd1 Qd7 16. Bd3 Ne7 17. Qe4 Bg7 18. O-O d5 19. Qh4 Rc6 20. Nc2 Qb7 21. Ne3 h5 22. Rfe1 Bf6 23. Qb4 O-O 24. Nf1 e4 25. Be2 h4 26. Ne3 Rd8 27. a4 Rb6 28. axb5 axb5 29. Ng4 Nxf5 30. Nxf6+ Rxf6 31. Bg4 Re8 32. Qc5 Nh6 33. Bh3 Re5 34. f3 Rg6 35. f4 Rh5 36. f5 Rg7 37. Qxd5 Qa7+ 38. Qd4 Qa2 39. Rd2 Nxf5 40. Bxf5 Rxf5 41. Qd8+ Kh7 42. Qxh4+ Kg6 43. Rd6+ f6 44. Qg4+ Rg5 45. Qxe4+ Kh5 46. Qf3+ 1-0

[Event "FIDE WYCC Girls U16 2023"]
[Site "Montesilvano"]
[Date "2023.11.24"]
[Round "11.20"]
[White "Nuriyeva, Nurtan"]
[Black "Sana Omprakash Kayyar"]
[Result "1-0"]
[ECO "D59"]
[WhiteElo "1809"]
[BlackElo "1562"]
[Annotator "NA RC"]
[PlyCount "147"]
[EventDate "2023.11.13"]
[EventType "swiss"]
[EventCountry "ITA"]
[SourceTitle "playchess.com"]
[Source "ChessBase"]
[SourceQuality "1"]
[TimeControl "40/5400+30:1800+30"]

1. d4 d5 2. Nf3 Nf6 3. c4 e6 4. Nc3 Be7 5. Bg5 h6 6. Bh4 O-O 7. e3 b6 8. cxd5 Nxd5 9. Bxe7 Qxe7 10. Rc1 Bb7 11. Be2 Rc8 12. O-O Nd7 13. Nxd5 Bxd5 14. Ba6 Rd8 15. Rxc7 Qd6 16. Rc3 e5 17. Bc4 Bb7 18. Be2 Qf6 19. Qc2 Rac8 20. Rd1 exd4 21. Nxd4 Nc5 22. Bf3 Bxf3 23. Nxf3 Rxd1+ 24. Qxd1 Rd8 25. Nd4 Ne6 26. Rd3 Qe5 27. Nxe6 Rxd3 28. Qxd3 Qxe6 29. Qa3 Qd5 30. h3 Qd1+ 31. Kh2 a5 32. Qb3 Qd6+ 33. Kg1 Qc5 34. Kf1 Qc1+ 35. Ke2 Qc6 36. g3 Qg6 37. Qd3 Qe6 38. b3 Qf6 39. Qd4 Qc6 40. h4 Qc2+ 41. Qd2 Qc5 42. Qd8+ Kh7 43. Qd3+ Kg8 44. a4 g6 45. Qc4 Qh5+ 46. Kd2 Qf3 47. Ke1 Qh1+ 48. Ke2 Qb1 49. e4 Qb2+ 50. Ke3 Qa1 51. Qd4 Qc1+ 52. Kf3 Qc6 53. Qd8+ Kh7 54. Qd5 Qf6+ 55. Kg2 h5 56. Kf1 Qa1+ 57. Ke2 Qb2+ 58. Ke3 Qc3+ 59. Qd3 Qe1+ 60. Kf3 Qh1+ 61. Kf4 Qc1+ 62. Ke5 Qc5+ 63. Kf6 Qxf2+ 64. Ke7 Qb2 65. Kxf7 Qf2+ 66. Ke6 Qf8 67. Qd7+ Kh6 68. Qd2+ Kh7 69. Qf4 Qe8+ 70. Kd5 Qg8+ 71. Kc6 Qxb3 72. e5 Qe6+ 73. Kb5 Kg8 74. Qc4 1-0

[Event "FIDE WYCC Girls U16 2023"]
[Site "Montesilvano"]
[Date "2023.11.24"]
[Round "11.21"]
[White "Seemann, Pola"]
[Black "Berezovsky, Fiorina"]
[Result "0-1"]
[ECO "C01"]
[WhiteElo "1685"]
[BlackElo "1787"]
[Annotator "NA"]
[PlyCount "104"]
[EventDate "2023.11.13"]
[EventType "swiss"]
[EventCountry "ITA"]
[SourceTitle "playchess.com"]
[Source "ChessBase"]
[SourceQuality "1"]
[TimeControl "40/5400+30:1800+30"]

1. e4 e6 2. d4 d5 3. Bd3 dxe4 4. Bxe4 Nf6 5. Bf3 c5 6. Ne2 Nc6 7. Be3 cxd4 8. Nxd4 Ne5 9. Be2 a6 10. O-O Be7 11. Nc3 O-O 12. f4 Ned7 13. Bf3 Qc7 14. Kh1 Nb6 15. Bg1 Nc4 16. b3 Nb6 17. Ne4 Rd8 18. Qe1 Nbd5 19. g3 b5 20. c4 bxc4 21. bxc4 Qxc4 22. Rc1 Qxa2 23. Rf2 Qa3 24. Ra1 Qd3 25. Rd2 Qc4 26. Rc1 Qa4 27. Nc6 Qa3 28. Qd1 Nxe4 29. Rd3 Qd6 30. Nxd8 Qxd8 31. Bxe4 Bb7 32. Qb3 Qd7 33. Bf2 a5 34. Kg1 a4 35. Qa2 g6 36. Bb6 Qe8 37. Bxd5 Bxd5 38. Qa1 Qb5 39. Qd4 a3 40. Rdc3 Qa6 41. Bc5 Bxc5 42. Rxc5 a2 43. Qa1 Bb7 44. Rc7 Qb6+ 45. Kf1 Qb3 46. R7c3 Qd5 47. Rc7 Qh1+ 48. Kf2 Qxh2+ 49. Kf1 Qg2+ 50. Ke1 Qxg3+ 51. Ke2 Ba6+ 52. Kd2 Qd3+ 0-1

[Event "FIDE WYCC Girls U16 2023"]
[Site "Montesilvano"]
[Date "2023.11.24"]
[Round "11.22"]
[White "Zelbova, Lada"]
[Black "Levchenko, Marina"]
[Result "1-0"]
[ECO "D02"]
[WhiteElo "2057"]
[BlackElo "1700"]
[Annotator "NA RC"]
[PlyCount "109"]
[EventDate "2023.11.13"]
[EventType "swiss"]
[EventCountry "ITA"]
[SourceTitle "playchess.com"]
[Source "ChessBase"]
[SourceQuality "1"]
[TimeControl "40/5400+30:1800+30"]

1. d4 d5 2. Nf3 e6 3. Bf4 Nf6 4. e3 Bd6 5. Bg3 O-O 6. Nbd2 c5 7. c3 Qc7 8. Bd3 Nbd7 9. Rc1 b6 10. e4 dxe4 11. Bxd6 Qxd6 12. Nxe4 Qe7 13. O-O Bb7 14. Re1 Rfd8 15. Nxf6+ Nxf6 16. Qe2 Rac8 17. Ba6 Rc7 18. Bxb7 Rxb7 19. Rcd1 Rc7 20. Rd2 c4 21. Ne5 Rdc8 22. f4 Nd5 23. Qf3 Qd6 24. g3 Ne7 25. Rde2 Qd5 26. Qf2 b5 27. Ng4 Qc6 28. Re5 h6 29. Ne3 Nd5 30. f5 Nxe3 31. R1xe3 exf5 32. Qxf5 g6 33. Qf4 Kg7 34. Re7 Qf6 35. Qxc7 Rxc7 36. Rxc7 Qf5 37. Re2 a6 38. a3 Qb1+ 39. Kg2 Qf5 40. Rce7 Qd5+ 41. Kg1 h5 42. Rf2 a5 43. Rfxf7+ Qxf7 44. Rxf7+ Kxf7 45. Kf2 Kf6 46. Kf3 Kf5 47. h3 g5 48. g4+ hxg4+ 49. hxg4+ Kf6 50. Ke4 Ke6 51. d5+ Kd6 52. Kd4 Ke7 53. Kc5 Kf6 54. Kxb5 Ke5 55. Kc6 1-0

[Event "FIDE WYCC Girls U16 2023"]
[Site "Montesilvano"]
[Date "2023.11.24"]
[Round "11.23"]
[White "Djukic, Katarina"]
[Black "Bochnickova, Simona"]
[Result "0-1"]
[ECO "B90"]
[WhiteElo "1536"]
[BlackElo "2043"]
[Annotator "NA RC"]
[PlyCount "68"]
[EventDate "2023.11.13"]
[EventType "swiss"]
[EventCountry "ITA"]
[SourceTitle "playchess.com"]
[Source "ChessBase"]
[SourceQuality "1"]
[TimeControl "40/5400+30:1800+30"]

1. e4 c5 2. Nf3 d6 3. d4 cxd4 4. Nxd4 Nf6 5. Nc3 a6 6. f3 e5 7. Nb3 Be6 8. Be3 h5 9. Nd5 Nbd7 10. Qd2 Rc8 11. O-O-O Bxd5 12. exd5 Nb6 13. Qa5 Qc7 14. c3 Nbd7 15. Kb1 Be7 16. Qxc7 Rxc7 17. Na5 O-O 18. Nc4 b5 19. Na5 Rfc8 20. Nc6 Nxd5 21. Nxe7+ Nxe7 22. Rxd6 Nf5 23. Rd3 b4 24. Bd2 Nc5 25. Rd5 bxc3 26. Bxc3 Na4 27. Rxe5 Rb8 28. Ka1 Nxc3 29. bxc3 Rxc3 30. Bxa6 Nd4 31. Rb5 Nxb5 32. Rb1 Rd8 33. Rxb5 Rc2 34. Kb1 Rxg2 0-1

[Event "FIDE WYCC Girls U16 2023"]
[Site "Montesilvano"]
[Date "2023.11.24"]
[Round "11.24"]
[White "Radenkovic, Mila"]
[Black "Sippola, Sara-Olivia"]
[Result "1/2-1/2"]
[ECO "C47"]
[WhiteElo "1767"]
[BlackElo "1907"]
[Annotator "NA RC"]
[PlyCount "68"]
[EventDate "2023.11.13"]
[EventType "swiss"]
[EventCountry "ITA"]
[SourceTitle "playchess.com"]
[Source "ChessBase"]
[SourceQuality "1"]
[TimeControl "40/5400+30:1800+30"]

1. e4 e5 2. Nf3 Nc6 3. Nc3 Nf6 4. d4 exd4 5. Nxd4 Bb4 6. Nxc6 bxc6 7. Bd3 d5 8. exd5 O-O 9. O-O Bg4 10. f3 Bh5 11. Bg5 Bxc3 12. bxc3 cxd5 13. Rb1 Qd6 14. Qd2 Rab8 15. Rb4 Rxb4 16. cxb4 Qb6+ 17. Kh1 Rb8 18. a3 Rd8 19. Qf4 Bg6 20. Bxf6 gxf6 21. Qg3 Re8 22. h4 Kh8 23. Bxg6 hxg6 24. Qf4 Kg7 25. Kh2 Re5 26. c4 dxc4 27. Qxc4 Qd6 28. Qf4 c5 29. bxc5 Qxc5 30. Qb4 Qxb4 31. axb4 Rb5 32. Ra1 Rxb4 33. Rxa7 Rxh4+ 34. Kg3 Rc4 1/2-1/2

[Event "FIDE WYCC Girls U16 2023"]
[Site "Montesilvano"]
[Date "2023.11.24"]
[Round "11.25"]
[White "Bruntse, Kathrine Lindegaard"]
[Black "Ruchinskaya, Valerie"]
[Result "1-0"]
[ECO "D18"]
[WhiteElo "1746"]
[BlackElo "1903"]
[Annotator "NA RC"]
[PlyCount "119"]
[EventDate "2023.11.13"]
[EventType "swiss"]
[EventCountry "ITA"]
[SourceTitle "playchess.com"]
[Source "ChessBase"]
[SourceQuality "1"]
[TimeControl "40/5400+30:1800+30"]

1. d4 d5 2. c4 c6 3. Nc3 Nf6 4. Nf3 dxc4 5. a4 Bf5 6. e3 e6 7. Bxc4 Bb4 8. O-O O-O 9. Bd2 Nbd7 10. Re1 Bg6 11. h3 a5 12. Ne2 Bd6 13. Qb3 Qc7 14. Bd3 Bxd3 15. Qxd3 e5 16. dxe5 Nxe5 17. Nxe5 Bxe5 18. Bc3 Rad8 19. Qc2 Nd5 20. Bd4 Rd7 21. Rac1 Rfd8 22. Red1 Bxd4 23. Nxd4 Nb4 24. Qb3 Rd5 25. Rd2 R8d7 26. Rcd1 Qd8 27. Qc3 c5 28. Nf5 Qf8 29. Rxd5 Rxd5 30. Rxd5 Nxd5 31. Qe5 Nf6 32. Ne7+ Kh8 33. Qxc5 Nd7 34. Qc8 Qxc8 35. Nxc8 Nc5 36. Nb6 Kg8 37. Nc4 Nxa4 38. Nxa5 Nxb2 39. Nxb7 f5 40. Nd6 g6 41. e4 fxe4 42. Nxe4 Kf7 43. g4 h6 44. Kg2 Ke6 45. f4 Nd3 46. Kf3 Ne1+ 47. Kg3 Nd3 48. h4 Kd5 49. Nf6+ Kd4 50. Ng8 Ke4 51. Nf6+ Kd4 52. h5 gxh5 53. gxh5 Ke3 54. f5 Ne5 55. Ng4+ Ke4 56. Nxh6 Kd5 57. Kf4 Kd6 58. Ng8 Nf7 59. h6 Kd7 60. h7 1-0

[Event "FIDE WYCC Girls U16 2023"]
[Site "Montesilvano"]
[Date "2023.11.24"]
[Round "11.26"]
[White "Field, Rowan Soraya"]
[Black "Dulteva, Anastasia"]
[Result "0-1"]
[ECO "C96"]
[WhiteElo "1810"]
[BlackElo "1498"]
[Annotator "NA RC"]
[PlyCount "110"]
[EventDate "2023.11.13"]
[EventType "swiss"]
[EventCountry "ITA"]
[SourceTitle "playchess.com"]
[Source "ChessBase"]
[SourceQuality "1"]
[TimeControl "40/5400+30:1800+30"]

1. e4 e5 2. Nf3 Nc6 3. Bb5 a6 4. Ba4 Nf6 5. O-O Be7 6. Re1 b5 7. Bb3 d6 8. c3 O-O 9. h3 Na5 10. Bc2 c5 11. d4 Nd7 12. a4 Rb8 13. axb5 axb5 14. b3 exd4 15. cxd4 Nc6 16. Nc3 cxd4 17. Nxd4 Nxd4 18. Qxd4 Bf6 19. Qe3 b4 20. e5 Bxe5 21. Nd5 Bxa1 22. Qd3 g6 23. Ne7+ Kh8 24. Bg5 Bf6 25. Bxf6+ Nxf6 26. Nc6 Qc7 27. Nxb8 Qxb8 28. Qd4 Kg7 29. g4 h6 30. f4 Qb5 31. Qxd6 Qd5 32. Qxd5 Nxd5 33. Re4 Be6 34. Bd3 Rb8 35. Bc4 Nc3 36. Rd4 Bxc4 37. Rxc4 Rb7 38. Kf2 Kf6 39. Ke3 Ke6 40. Kd4 Kd6 41. f5 Nd5 42. fxg6 fxg6 43. Rc8 Nf4 44. Rh8 Nxh3 45. Rxh6 Nf4 46. Rh8 Ne6+ 47. Kc4 Ke5 48. Rg8 Kf6 49. Ra8 Kg5 50. Ra6 Nf4 51. Kc5 Kxg4 52. Kc6 Rb8 53. Kc7 Re8 54. Kd7 Re4 55. Rb6 g5 0-1

[Event "FIDE WYCC Girls U16 2023"]
[Site "Montesilvano"]
[Date "2023.11.24"]
[Round "11.27"]
[White "Ahn, Anastasia"]
[Black "Amulya Guruprasad"]
[Result "1/2-1/2"]
[ECO "D00"]
[WhiteElo "1795"]
[BlackElo "1466"]
[Annotator "NA"]
[PlyCount "83"]
[EventDate "2023.11.13"]
[EventType "swiss"]
[EventCountry "ITA"]
[SourceTitle "playchess.com"]
[Source "ChessBase"]
[SourceQuality "1"]
[TimeControl "40/5400+30:1800+30"]

1. d4 Nf6 2. Nc3 d5 3. Bf4 g6 4. e3 Bg7 5. h4 h5 6. Nf3 O-O 7. Ne5 c5 8. Be2 cxd4 9. exd4 Nc6 10. Qd2 Bf5 11. a3 Rc8 12. O-O Qb6 13. Nxc6 Rxc6 14. Na4 Qd8 15. Nc5 Ne4 16. Nxe4 Bxe4 17. c3 a6 18. Bd3 Bxd3 19. Qxd3 Qb6 20. Rab1 Re6 21. Qd2 Rc8 22. Rfe1 Rcc6 23. Bg5 f6 24. Bf4 Kf7 25. Bh6 Bh8 26. Bf4 Bg7 27. Bh6 Bh8 28. Bf4 Qb3 29. Bg3 Bg7 30. Bf4 a5 31. Bg3 b5 32. f3 Ra6 33. Rxe6 Rxe6 34. Re1 Rxe1+ 35. Bxe1 Qc4 36. Kf2 e5 37. dxe5 fxe5 38. g3 a4 39. Qe3 d4 40. cxd4 exd4 41. Qf4+ Kg8 42. Qe4 1/2-1/2

[Event "FIDE WYCC Girls U16 2023"]
[Site "Montesilvano"]
[Date "2023.11.24"]
[Round "11.28"]
[White "Tadic, Ana"]
[Black "Suyerkulova, Daniya"]
[Result "1-0"]
[ECO "C00"]
[WhiteElo "1791"]
[BlackElo "1317"]
[Annotator "NA"]
[PlyCount "113"]
[EventDate "2023.11.13"]
[EventType "swiss"]
[EventCountry "ITA"]
[SourceTitle "playchess.com"]
[Source "ChessBase"]
[SourceQuality "1"]
[TimeControl "40/5400+30:1800+30"]

1. Nf3 e6 2. g3 d5 3. d3 Nf6 4. Nbd2 c5 5. e4 Nc6 6. Bg2 Be7 7. O-O O-O 8. Re1 Qc7 9. e5 Nd7 10. Qe2 a6 11. h4 b5 12. Nf1 Nd4 13. Nxd4 cxd4 14. Bf4 Qd8 15. Nh2 f6 16. exf6 Nxf6 17. Be5 Bc5 18. h5 h6 19. Ng4 Nxg4 20. Qxg4 Qg5 21. Qxg5 hxg5 22. g4 Kh7 23. Re2 Bd7 24. Rf1 Rf7 25. f4 gxf4 26. g5 g6 27. Bf3 Be7 28. Rh2 Rf5 29. hxg6+ Kxg6 30. Bh5+ Kxg5 31. Bxd4 Bf6 32. Bf2 Bxb2 33. Kh1 Kf6 34. Bg4 Re5 35. Bh4+ Kg7 36. Rxf4 Rf8 37. Rxf8 Kxf8 38. Rf2+ Ke8 39. Kh2 Bd4 40. Rf1 Be3 41. Bf6 Rg5 42. Bxg5 Bxg5 43. Bh5+ Ke7 44. Rf7+ Kd6 45. Bg4 a5 46. Kg3 a4 47. Kf2 b4 48. Ke2 d4 49. Rf8 Bc6 50. Rb8 b3 51. cxb3 axb3 52. axb3 Bd5 53. Bf3 Bxf3+ 54. Kxf3 e5 55. Ke4 Bd2 56. Rb5 Bf4 57. Rd5+ 1-0